 Dungeon Crawl Stone Soup version 0.32-a0-290-g598725c5f2 (webtiles) character file.

Game seed: 11309174264436480646

7 Bravepunisher the Ducker (level 1, 0/11 HPs)
             Began as a Spriggan Monk on Feb 13, 2024.
             Slain by a ribbon worm (6 damage)
             ... on level 4 of the Dungeon.
             The game lasted 00:00:57 (226 turns).

Bravepunisher the Ducker (Spriggan Monk)             Turns: 226, Time: 00:00:58

Health: 0/11       AC:  2    Str:  7    XL:     1   Next: 83%
Magic:  2/2        EV: 19    Int: 11    God:
Gold:   7          SH:  0    Dex: 17    Spells: 0/0 levels left

rFire   . . .        a - +1 short sword
rCold   . . .        (no shield)
rNeg    . . .        b - +0 robe
rPois   .            (helmet restricted)
rElec   .            (no cloak)
rCorr   .            (gloves unavailable)
SInv    +            (boots unavailable)
Will    .....        (no amulet)
Stlth   ++           (no ring)
HPRegen 0.21/turn    (no ring)
MPRegen 0.08/turn

%: no passive effects
@: very quick
A: very small, no large weapons, unfitting armour, see invisible, speed 3
a: no special abilities


You were on level 4 of the Dungeon.
You visited 1 branch of the dungeon, and saw 5 of its levels.

You collected 7 gold pieces.

Inventory:

Hand Weapons
 a - a +1 short sword (weapon)
Armour
 b - a +0 robe (worn)
Jewellery
 e - the amulet "Fejuoh" {Faith Str-3 Int+3 SInv}
   (You found it on level 2 of the Dungeon)

   [amulet of faith]

   Faith:     It allows you to gain divine favour quickly.
   Str-3:     It affects your strength (-3).
   Int+3:     It affects your intelligence (+3).
   SInv:      It lets you see invisible.
Potions
 c - a potion of ambrosia


   Skills:
 + Level 2.5 Fighting
 - Level 3.2 Short Blades
 * Level 4.4 Dodging


You couldn't memorise any spells.
You didn't know any spells.
Your spell library was empty.

Dungeon Overview and Level Annotations

Branches:
Dungeon (5/15)
 Temple: D:4-7

Altars:

Annotations:
D:4 Dowan


Innate Abilities, Weirdness & Mutations

You are very small and have problems with some larger weapons.
You are too small for most types of armour.
You have supernaturally acute eyesight. (SInv)
You cover ground extremely quickly. (Speed+++)


Message History

Level annotation: Dowan
There is a stone staircase leading down here.
A ribbon worm comes into view.
Okay, then.
As you read the scroll labelled WUATTA IGACI, it crumbles to dust.
Your body is wracked with pain!
The ribbon worm convulses!
It was a scroll of torment.
Unknown command.
As you read the scroll labelled SAFOMPEFOTE, it dissolves into smoke.
It was a scroll of fog.
The ribbon worm bites you.
Unknown command.
As you read the scroll labelled CEREISHIVOSM, it crumbles to dust.
It is a scroll of enchant weapon.
Your +0 short sword glows red for a moment.
The ribbon worm completely misses you.
You hit the ribbon worm but do no damage.
The ribbon worm is moderately wounded.
The ribbon worm expels a string of sticky webbing.
The stream of webbing hits you but does no damage.
You are caught in a web!
The web tears apart.
The ribbon worm closely misses you.
You hit the ribbon worm.
The ribbon worm is heavily wounded.
You hit the ribbon worm.
The ribbon worm is heavily wounded.
The ribbon worm closely misses you.
You completely miss the ribbon worm.
The ribbon worm is heavily wounded.
The ribbon worm expels a string of sticky webbing.
The stream of webbing misses you.
You hit the ribbon worm.
The ribbon worm is severely wounded.
You hit the ribbon worm.
The ribbon worm is almost dead.
The ribbon worm misses you.
You hit the ribbon worm.
The ribbon worm is almost dead.
The ribbon worm bites you.
Ouch! That really hurt!
You die...

#.#####.#####
#.# #.# #.#
#.# #.# #.#
#.#########.#.
#>..§§@w§.....
###########.##


You could see a ribbon worm (catching breath).

Vanquished Creatures
  A dart slug (D:2)
  A kobold (D:2)
  A rat (D:2)
3 creatures vanquished.

Notes
Turn   | Place    | Note
-------+----------+-------------------------------------------
     0 | D:1      | Bravepunisher the Spriggan Monk began the quest for the
                  | Orb.
     0 | D:1      | Reached XP level 1. HP: 11/11 MP: 2/2
    62 | D:2      | Identified the amulet "Fejuoh" {Faith Str-3 Int+3 SInv}
   198 | D:4      | Noticed Dowan
   208 | D:5      | Entered Level 5 of the Dungeon
   208 | D:5      | Noticed a jelly
   208 | D:5      | Noticed an iguana
   226 | D:4      | Slain by a ribbon worm

Illustrated notes

Levels and vault maps discovered:
D:1:      moated_graveyard_arrival, layout_basic
D:2:      layout_loops_corners, basic_altar, uniq_crazy_yiuf_cottage
D:3:      layout_basic, nicolae_tso_besieged_by_evil, portal_sewer_entry_f
D:4:      layout_loops_ring, jmf_multi_god_temple, minivault_23, minivault_14,
          uniq_duvessa
D:5:      layout_gridville, nicolae_overflow_crystal_walls, serial_shops, shop

Action                     || total
---------------------------++-------
  Melee: Short sword       ||    20
    Use: Scroll            ||     3
   Stab: Sleeping          ||     1
 Armour: Robe              ||     4
  Dodge: Dodged            ||    11

Table legend: (Time is in decaauts)
 A = Elapsed time spent in this place.
 B = Non-inter-level travel time spent in this place.
 C = Inter-level travel time spent in this place.
 D = Time resting spent in this place.
 E = Time spent auto-exploring this place.
 F = Levels seen in this place.
 G = Mean time per level.
                   A        B        C        D        E       F      G
               +--------+--------+--------+--------+--------+-----+--------+
         Total |    151 |    151 |      0 |      0 |     84 |   5 |   30.2 |
       Dungeon |    151 |    151 |      0 |      0 |     84 |   5 |   30.2 |
               +--------+--------+--------+--------+--------+-----+--------+

Top non-repeatable levels by time:
     D:2: 93 daAuts
     D:1: 23 daAuts
     D:4: 21 daAuts
     D:3: 11 daAuts
     D:5: 1 daAuts
